 Dungeon Crawl Stone Soup version 0.29-a0-384-g6960b1960d (webtiles) character file.

Game seed: 16739939177770750410

4978 Bruhh the Fighter (level 10, -1/76 HPs)
             Began as a Djinni Earth Elementalist on May 7, 2022.
             Was a Believer of Elyvilon.
             Slain by a wolf (9 damage)
             ... on level 1 of the Lair of Beasts.
             The game lasted 00:10:31 (9203 turns).

Bruhh the Fighter (Djinni Earth Elementalist)       Turns: 9203, Time: 00:10:31

Health: -1/76      AC:  3    Str:  7    XL:     10   Next: 83%
Gold:   448        EV: 12    Int: 29    God:    Elyvilon [**....] SH:  5 Dex: 15

rFire   + + +      SeeInvis +   K - +8 trident of Anxiety {venom, *Slow rF++ Int+9}
rCold   x . .      Faith    .   (no shield)
rNeg    . . .      Spirit   .   b - +0 robe
rPois   ∞          Reflect  +   (no helmet)
rElec   .          Harm     .   (no cloak)
rCorr   .          Rampage  .   n - +0 pair of gloves
Will    +....                   (boots unavailable)
Stlth   ++........              J - amulet of reflection
HPRegen 0.22/turn               q - ring of see invisible
MPRegen 0.00/turn               (no ring)

@: brilliant, flying, slowed, very slow
A: sickness immunity, fire resistance 2, cold vulnerability 1, float, innate
caster, HP casting, extra vitality 1
a: Renounce Religion, Purification, Heal Other


You were on level 1 of the Lair of Beasts.
You worshipped Elyvilon.
Elyvilon was pleased with you.
You visited 3 branches of the dungeon, and saw 11 of its levels.
You also visited: Ossuary.

You collected 448 gold pieces.

Inventory:

Hand Weapons
 s - the +5 rapier of Xacro {elec, rPois Int+4 Dex-4}
   (You found it on level 3 of the Dungeon)

   It occasionally discharges a powerful burst of electricity upon striking a
   foe.
   Int:       It affects your intelligence (+4).
   Dex:       It affects your dexterity (-4).
   rPois:     It protects you from poison.
 K - the +8 trident of Anxiety (weapon) {venom, *Slow rF++ Int+9}
   (You found it on level 7 of the Dungeon)

   It poisons the flesh of those it strikes.
   Int:       It affects your intelligence (+9).
   rF:        It greatly protects you from fire.
   *Slow:     It may slow you when you take damage.
Missiles
 a - 130 stones
 M - 2 throwing nets
Armour
 b - a +0 robe (worn)
 n - a +0 pair of gloves (worn)
Jewellery
 e - a ring of fire
 q - a ring of see invisible (left hand)
 J - an amulet of reflection (around neck)
Wands
 u - a wand of flame (24)
 y - a wand of acid (11)
 B - a wand of digging (4)
Scrolls
 c - 2 scrolls of teleportation {unknown}
 d - a scroll of fog {unknown}
 f - 4 scrolls of blinking {unknown}
 g - 3 scrolls of poison {unknown}
 m - 2 scrolls of noise {unknown}
 p - 3 scrolls of enchant weapon {unknown}
 r - 5 scrolls of enchant armour {unknown}
 t - 2 scrolls of vulnerability {unknown}
 v - a scroll of silence {unknown}
 w - 9 scrolls of identify {unknown}
 x - a scroll of amnesia {unknown}
 z - 2 scrolls of magic mapping {unknown}
 A - a scroll of fear {unknown}
 D - a scroll of summoning {unknown}
 I - 2 scrolls of immolation {unknown}
 N - a scroll of torment {unknown}
Potions
 h - 2 potions of degeneration
 i - 8 potions of curing
 j - a potion of attraction {unknown}
 k - a potion of brilliance
 l - 2 potions of flight {unknown}
 o - 2 potions of invisibility {unknown}
 C - 3 potions of might {unknown}
 E - 2 potions of heal wounds {unknown}
 F - a potion of ambrosia {unknown}
 G - a potion of lignification {unknown}
 H - 2 potions of haste {unknown}
 L - 2 potions of magic {unknown}


   Skills:
 + Level 8.2 Fighting
 - Level 2.1 Dodging
 - Level 1.5 Stealth
 - Level 8.0 Spellcasting
 + Level 8.2 Invocations


You had 6 spell levels left.
You knew the following spells:

 Your Spells              Type           Power      Damage    Failure   Level
a - Sandblast             Erth           100%       2d20      1%          1
b - Passwall              Tmut/Erth      60%        N/A       1%          2
c - Stone Arrow           Conj/Erth      100%       3d13      1%          3
d - Petrify               Tmut/Erth      72%        N/A       1%          4
e - Beastly Appendage     Tmut           100%       N/A       1%          1
f - Static Discharge      Conj/Air       72%        N/A       1%          2
g - Call Imp              Summ           72%        N/A       1%          2
h - Leda's Liquefaction   Hex/Erth       36%        N/A       1%          4
Your spell library was empty.

Dungeon Overview and Level Annotations

Branches:
Dungeon (9/15)             Temple (1/1) D:5            Lair (1/6) D:8
Ossuary (visited)
    Orc: D:9-12

Altars:
Ashenzari
Cheibriados
Elyvilon
Fedhas
Gozag
Hepliaklqana
Kikubaaqudgha
Makhleb
Nemelex Xobeh
Okawaru
Qazlal
Ru
Sif Muna
Trog
Uskayaw
Vehumet
Wu Jian
Xom
Yredelemnul
The Shining One


Innate Abilities, Weirdness & Mutations

You are immune to sickness and miasma.
You are immune to poison.
Your flesh is very heat resistant. (rF++)
You are vulnerable to cold. (rC-)
You float through the air rather than walking.
You learn spells naturally, not from books.
Your magical power is your life essence.
You have superior vitality. (+4 MHP)


Message History

The wolf closely misses you. The wolf bites you.
The blast of sand hits the wolf!
You kill the wolf!
You block the wolf's attack. The wolf bites you! The wolf closely misses you.
The wolf bites you. The wolf bites you! The wolf closely misses you.
The wolf bites you!
* * * LOW HITPOINT WARNING * * *
The wolf bites you.
* * * LOW HITPOINT WARNING * * *
The wolf bites you!
* * * LOW HITPOINT WARNING * * *
You are healed.
The wolf barely misses you. The wolf bites you! The wolf barely misses you.
The wolf bites you.
* * * LOW HITPOINT WARNING * * *
The wolf misses you. The wolf barely misses you.
Unknown command.
The wolf attacks as you move away! The wolf closely misses you.
The wolf attacks as you move away! The wolf barely misses you.
The wolf bites you!
* * * LOW HITPOINT WARNING * * *
The wolf barely misses you.
Casting: Sandblast (safe; 1% risk of failure)
Confirm with . or Enter, or press ? or * to list all spells.
Okay, then.
Okay, then.
You are healed.
You can no longer provide healing for yourself.
The wolf bites you but does no damage. You block the wolf's attack. x2
The wolf bites you! The wolf closely misses you. The wolf bites you!
* * * LOW HITPOINT WARNING * * *
Unknown command.
It was a potion of brilliance.
You feel clever all of a sudden.
The wolf closely misses you. x2; The wolf bites you but does no damage.
The wolf bites you!
* * * LOW HITPOINT WARNING * * *
The wolf bites you! Elyvilon protects you from harm! The wolf bites you!
You die...

## ###. # #P.. #.
####...#.######
...:...........
...............
.......†....... #..hh#
##.h@## ##.:.##
#####....##
##...###...##
##.......#...##
#.......###...##
##.....P####<..#.#.#
........>.............
...........†...........


You could see 3 wolves.

Vanquished Creatures
  A two-headed ogre (D:8)
  2 orc sorcerers (D:9)
  2 wyverns (D:8)
  5 yaks (D:8)
  An acid dragon (D:8)
  A water moccasin (D:6)
  2 orc warriors
  3 black bears (Lair:1)
  An ice beast (D:5)
  An ogre (D:5)
  3 wolves (Lair:1)
  A centaur (D:6)
  2 bullfrogs
  A necrophage (D:6)
  A scorpion (D:4)
  2 water moccasin zombies (Ossuary)
  3 killer bees (D:9)
  2 jellies
  6 orc priests
  2 hounds (D:4)
  4 iguanas
  10 orc wizards
  2 mummies (Ossuary)
  11 adders
  3 white imps
  3 ufetubi
  5 adder zombies (Ossuary)
  A worm (D:3)
  2 dart slugs
  29 orcs
  2 bats (D:1)
  3 bat skeletons (D:6)
  2 bat zombies (D:6)
  An endoplasm (D:3)
  3 giant cockroaches
  3 gnoll zombies (Ossuary)
  8 goblins
  5 hobgoblins
  4 kobolds
  4 quokkas
  5 ball pythons
  A frilled lizard (D:3)
  4 hobgoblin zombies (Ossuary)
  4 kobold zombies (Ossuary)
  6 orc zombies (Ossuary)
  7 rats
174 creatures vanquished.

Vanquished Creatures (others)
  2 plants (D:7)
2 creatures vanquished.

Grand Total: 176 creatures vanquished

Notes
Turn   | Place    | Note
-------+----------+-------------------------------------------
     0 | D:1      | Bruhh the Djinni Earth Elementalist began the quest for the
                  | Orb.
     0 | D:1      | Reached XP level 1. HP: 15/15 MP: 0/0
   234 | D:1      | Reached XP level 2. HP: 19/21 MP: 0/0
   926 | D:2      | Reached XP level 3. HP: 16/25 MP: 0/0
   926 | D:2      | Learned a level 1 spell: Beastly Appendage
  1792 | D:3      | Identified the +5 rapier of Xacro {elec, rPois Int+4 Dex-4}
  1864 | D:3      | Reached XP level 4. HP: 31/31 MP: 0/0
  2287 | D:3      | Found a faded altar of an unknown god.
  2598 | D:4      | Reached XP level 5. HP: 26/35 MP: 0/0
  2598 | D:4      | Learned a level 2 spell: Static Discharge
  2993 | D:4      | Reached skill level 5 in Spellcasting
  2993 | D:4      | Reached XP level 6. HP: 35/40 MP: 0/0
  3436 | D:5      | Entered Level 5 of the Dungeon
  3484 | D:5      | Noticed an ogre
  3487 | D:5      | Killed an ogre
  3559 | D:5      | Found a staircase to the Ecumenical Temple.
  3566 | D:5      | Reached XP level 7. HP: 5/45 MP: 0/0
  3566 | D:5      | Learned a level 2 spell: Call Imp
  3794 | Temple   | Entered the Ecumenical Temple
  4034 | Temple   | Became a worshipper of Elyvilon the Healer
  4237 | D:5      | You are sucked into a shaft and drop 2 floors!
  4328 | D:6      | Found a sand-covered staircase.
  4342 | Ossuary  | Entered an ossuary
  4953 | D:6      | Reached XP level 8. HP: 16/50 MP: 0/0
  5270 | D:6      | Reached * piety under Elyvilon
  5737 | D:5      | Found a blossoming altar of Fedhas.
  6292 | D:7      | Identified the +8 trident of Anxiety {venom, *Slow rF++
                  | Int+9}
  6635 | D:7      | Reached ** piety under Elyvilon
  6666 | D:7      | Reached skill level 1 in Fighting
  6666 | D:7      | Reached skill level 1 in Invocations
  6776 | D:7      | Reached XP level 9. HP: 37/58 MP: 0/0
  6776 | D:7      | Learned a level 4 spell: Leda's Liquefaction
  7130 | D:8      | Found a staircase to the Lair.
  7545 | D:8      | Reached skill level 5 in Fighting
  7545 | D:8      | Reached skill level 5 in Invocations
  8020 | D:8      | Reached *** piety under Elyvilon
  8068 | D:8      | Reached XP level 10. HP: 70/72 MP: 0/0
  8192 | D:8      | Noticed a two-headed ogre
  8195 | D:8      | Killed a two-headed ogre
  8815 | D:9      | Noticed an orc sorcerer
  8818 | D:9      | Killed an orc sorcerer
  8848 | D:9      | Noticed an orc sorcerer
  8852 | D:9      | Killed an orc sorcerer
  8909 | D:9      | Noticed a tengu warrior
  8947 | Lair:1   | Entered Level 1 of the Lair of Beasts
  9203 | Lair:1   | Elyvilon protects you from harm!
  9203 | Lair:1   | Slain by a wolf

Illustrated notes

Levels and vault maps discovered:
D:1:      erik_arrival_cave_to_civilisation [erik_arrival_cave_to_hall],
          layout_basic
D:2:      layout_rooms, basic_altar
D:3:      layout_loops_cross, shapermc_ecumenical_altar_pompeii
D:4:      layout_loops_ring, nicolae_figureground_sparkle
D:5:      layout_loops_ring, nicolae_overflow_hidden_temple,
          minmay_temple_entry_grid
D:6:      layout_cave_pools, kennysheep_vampire_church,
          nicolae_ossuary_entry_monument
D:7:      layout_loops_ring, serial_bayou, serial_bayou_pond_e,
          serial_bayou_pond_e, serial_bayou_pond_e, serial_bayou_lagoon_a,
          nrook_campfire
D:8:      layout_cave_pods, lair_entry_dummy, serial_rivers,
          chequers_serial_rivers_room_b, chequers_serial_rivers_small_a,
          chequers_serial_rivers_small_a, chequers_serial_rivers_small_b,
          chequers_serial_rivers_micro_b, chequers_serial_rivers_small_3,
          minmay_misc_feat_diagonals
D:9:      minmay_the_grid_3x3 [minmay_the_grid_rooms,
          minmay_the_grid_small_cups, minmay_the_grid_dragon_a,
          minmay_the_grid_expand, minmay_the_grid_tri_star,
          minmay_the_grid_spikes, minmay_the_grid_square_x,
          minmay_the_grid_minigrid_large, minmay_the_grid_prize_big_room],
          layout_irregular_city, nicolae_overflow_squiral, hiddenorc2_lemuel,
          serial_shops, shop, onia_ninara_cookie, uniq_joseph
Temple:   dpeg_five_rooms_temple
Lair:1:   layout_hall_layers, beast_lair_carwin_2

Skill      XL: |  1  2  3  4  5  6  7  8  9 10 |
---------------+-------------------------------+-----
Spellcasting   | 3 4 5 6 8 |  8.0
Fighting       | 2 5 8 |  8.2
Invocations    | 2 5 8 |  8.2
Dodging        | |  2.1
Stealth        | |  1.5

Action                   |  1- 3 |  4- 6 |  7- 9 | 10-12 || total
-------------------------+-------+-------+-------+-------++-------
Melee: Unarmed           |     3 |       |       |       ||     3
       Rapier            |     1 |    46 |    13 |       ||    60
       Punch             |       |     1 |       |       ||     1
       Trident           |       |       |    36 |     4 ||    40
 Cast: Sandblast         |    44 |     6 |    96 |    32 ||   178
       Stone Arrow       |       |    11 |    18 |    11 ||    40
       Static Discharge  |       |       |     6 |       ||     6
Invok: Heal Self         |       |       |       |     3 ||     3
  Use: Potion            |       |       |     3 |     1 ||     4
 Stab: Sleeping          |       |     1 |     1 |       ||     2
       Distracted        |       |       |     1 |       ||     1
Armor: Robe              |     4 |    19 |    14 |    10 ||    47
Dodge: Dodged            |    15 |    43 |    40 |    27 ||   125
Block: Other             |       |       |       |    17 ||    17

Table legend: (Time is in decaauts)
 A = Elapsed time spent in this place.
 B = Non-inter-level travel time spent in this place.
 C = Inter-level travel time spent in this place.
 D = Time resting spent in this place.
 E = Time spent auto-exploring this place.
 F = Levels seen in this place.
 G = Mean time per level.
                   A        B        C        D        E       F      G
               +--------+--------+--------+--------+--------+-----+--------+
         Total |   9230 |   8983 |    247 |    385 |   7579 |  12 |  769.2 |
       Dungeon |   8110 |   7921 |    189 |    385 |   6620 |   9 |  901.1 |
        Temple |    271 |    213 |     58 |      0 |    201 |   1 |  271.0 |
          Lair |    258 |    258 |      0 |      0 |    232 |   1 |  258.0 |
       Ossuary |    589 |    589 |      0 |      0 |    526 |   1 |  589.0 |
               +--------+--------+--------+--------+--------+-----+--------+

Top non-repeatable levels by time:
     D:8: 1717 daAuts
     D:5: 1014 daAuts
     D:4: 967 daAuts
     D:7: 922 daAuts
     D:2: 853 daAuts
     D:3: 851 daAuts
     D:6: 845 daAuts
     D:1: 772 daAuts
 Ossuary: 589 daAuts
  Temple: 271 daAuts
  Lair:1: 258 daAuts
     D:9: 166 daAuts
